 Dungeon Crawl Stone Soup version 0.30-a0-29-g142975f185 (webtiles) character file.

Game seed: 1712150822960522346

8754 purpskrrrp the Grappler (level 11, -3/104 HPs)
             Began as a Troll Earth Elementalist on Aug 26, 2022.
             Was a Believer of Uskayaw.
             Slain by a four-headed hydra (5 damage)
             ... on level 1 of the Lair of Beasts.
             The game lasted 00:42:34 (9754 turns).

purpskrrrp the Grappler (Troll Earth Elementalist)  Turns: 9754, Time: 00:42:36

Health: -3/104     AC:  4    Str: 36    XL:     11   Next: 14%
Magic:  14/14      EV: 15    Int:  9    God:    Uskayaw [**....]
Gold:   71         SH:  0    Dex: 10    Spells: 15/16 levels left

rFire   . . .      SeeInvis .    z - +12 quarterstaff "Goblinbane" {holy, Str+4}
rCold   + . .      Faith    .    (shield currently unavailable)
rNeg    . . .      Spirit   .    h - +0 robe "Efasyf" {rC+ rCorr Str+6 Int-2}
rPois   .          Reflect  .    (helmet restricted)
rElec   .          Harm     .    (no cloak)
rCorr   +          Rampage  .    (gloves unavailable)
Will    +....                    (boots unavailable)
Stlth   +.........               P - amulet of the acrobat
HPRegen 1.07/turn                l - ring of willpower
MPRegen 0.14/turn                o - ring "Zopo" {EV+4 Str+4}

@: mighty
A: large, unfitting armour, claws 3, regeneration 1, shaggy fur 1, tough skin 1
a: Renounce Religion, Stomp, Line Pass


You were on level 1 of the Lair of Beasts.
You worshipped Uskayaw.
Uskayaw was noncommittal.
You visited 2 branches of the dungeon, and saw 10 of its levels.
You also visited: Bailey.

You collected 423 gold pieces.
You spent 352 gold pieces at shops.

Inventory:

Hand Weapons
 g - a +5 vorpal glaive
 y - a +0 giant spiked club
 z - the +12 quarterstaff "Goblinbane" (weapon) {holy, Str+4}
   (You found it on level 8 of the Dungeon)

   It has been blessed by the Shining One to cause great damage to the undead
   and demons.
   Str:       It affects your strength (+4).
 E - a +2 whip of holy wrath
 R - the +3 arbalest of Distraction {venom, rPois rF+ Stlth-}
   (You found it on level 9 of the Dungeon)

   Any ammunition fired from it poisons the flesh of those it strikes.
   rF:        It protects you from fire.
   rPois:     It protects you from poison.
   Stlth:     It makes you less stealthy.
Missiles
 p - 3 silver boomerangs
 w - 6 throwing nets
Armour
 h - the +0 robe "Efasyf" (worn) {rC+ rCorr Str+6 Int-2}
   (You bought it in a shop on level 3 of the Dungeon)

   Str:       It affects your strength (+6).
   Int:       It affects your intelligence (-2).
   rC:        It protects you from cold.
   rCorr:     It protects you from acid and corrosion.
Jewellery
 l - a ring of willpower (left claw)
 o - the ring "Zopo" (right claw) {EV+4 Str+4}
   (You found it on level 2 of the Dungeon)

   [ring of evasion]

   EV:        It affects your evasion (+4).
   Str:       It affects your strength (+4).
 C - an amulet of guardian spirit
 P - an amulet of the acrobat (around neck)
Wands
 f - a wand of quicksilver (2)
 j - a wand of mindburst (5)
 s - a wand of polymorph (4)
 A - a wand of roots (11)
Scrolls
 a - a scroll of blinking
 i - a scroll of enchant armour
 m - 2 scrolls of teleportation
 u - a scroll of summoning
 D - a scroll of amnesia
 M - 2 scrolls of fear
Potions
 b - 5 potions of magic
 c - a potion of heal wounds
 d - 4 potions of attraction
 k - a potion of ambrosia
 q - a potion of lignification {unknown}
 r - 2 potions of curing
 v - a potion of mutation {unknown}
 F - 3 potions of haste
 I - 2 potions of might
 K - 2 potions of invisibility
 L - a potion of brilliance


   Skills:
 + Level 5.4 Fighting
 + Level 2.5 Staves
 + Level 5.8 Dodging
 - Level 1.0 Stealth
 - Level 9.3 Unarmed Combat
 + Level 3.1 Spellcasting
 - Level 3.6 Transmutations
 + Level 6.8 Earth Magic
 + Level 4.1 Invocations


You had 15 spell levels left.
You knew the following spells:

 Your Spells              Type           Power      Damage    Failure   Level
a - Sandblast             Erth           26%        2d8       1%          1

Your spell library contained the following spells:

 Spells                   Type           Power      Damage    Failure   Level
 Passwall                 Tmut/Erth      8%         N/A       5%          2
 Stone Arrow              Conj/Erth      14%        3d7       22%         3
 Petrify                  Tmut/Erth      10%        N/A       34%         4
 Spider Form              Tmut/Pois      4%         N/A       38%         3
 Ensorcelled Hibernation  Hex/Ice        2%         N/A       41%         2
 Scorch                   Fire           2%         2d5       41%         2
 Animate Armour           Summ/Erth      14%        N/A       58%         4
 Leda's Liquefaction      Hex/Erth       3%         N/A       58%         4
 Call Canine Familiar     Summ           1%         N/A       65%         3
 Portal Projectile        Hex/Tloc       2%         N/A       65%         3
 Summon Guardian Golem    Hex/Summ       1%         N/A       65%         3
 Swiftness                Air            1%         N/A       65%         3
 Tukima's Dance           Hex            1%         N/A       65%         3
 Anguish                  Hex/Necr       0%         N/A       96%         4
 Flame Wave               Conj/Fire      1%         2d4       96%         4
 Summon Lightning Spire   Summ/Air       1%         N/A       96%         4
 Iron Shot                Conj/Erth      3%         9d2       100%        6
 Summon Cactus Giant      Summ           0%         N/A       100%        6
 Storm Form               Tmut/Air       2%         N/A       100%        7
 Lehudib's Crystal Spear  Conj/Erth      3%         10d3      100%        8
 Maxwell's Capacitive Co  Air            0%         ∞         100%        8


Dungeon Overview and Level Annotations

Branches:
Dungeon (9/15)             Temple (0/1) D:4            Lair (1/5) D:9
 Bailey (visited)
    Orc: D:9-12

Altars:
Ashenzari
Cheibriados
Gozag
Ru
Trog
Uskayaw
Xom

Shops:
D:3 [   D:8 ?

Annotations:
D:8 3 runed translucent doors, avis's ghost, novice FeSu


Innate Abilities, Weirdness & Mutations

You are too large for most types of armour.
You have claws for hands.
Your natural rate of healing is unusually fast.
You are covered in fur. (AC +1)
You have tough skin. (AC +1)


Message History

You feel very mighty all of a sudden. The four-headed hydra bites you!
* * * LOW HITPOINT WARNING * * *
The four-headed hydra barely misses you.
The four-headed hydra bites you!
* * * LOW HITPOINT WARNING * * *
The four-headed hydra bites you but does no damage.
You feel much better.
The four-headed hydra barely misses you. x2
The four-headed hydra bites you but does no damage.
The four-headed hydra barely misses you.
You feel much better. The four-headed hydra bites you.
The four-headed hydra misses you. The four-headed hydra bites you! x2
You feel much better.
The four-headed hydra completely misses you.
The four-headed hydra bites you! x2
The four-headed hydra closely misses you.
You bludgeon the four-headed hydra!!
The four-headed hydra is heavily wounded.
The four-headed hydra bites you but does no damage.
The four-headed hydra closely misses you.
The four-headed hydra completely misses you.
The four-headed hydra closely misses you.
You bludgeon the four-headed hydra!!
The four-headed hydra is almost dead.
The four-headed hydra bites you!
* * * LOW HITPOINT WARNING * * *
The four-headed hydra barely misses you.
The four-headed hydra bites you!
* * * LOW HITPOINT WARNING * * *
The four-headed hydra completely misses you.
You can now pass through a line of other dancers.
You completely miss the four-headed hydra.
The four-headed hydra is almost dead.
The four-headed hydra bites you!
* * * LOW HITPOINT WARNING * * *
The four-headed hydra bites you.
* * * LOW HITPOINT WARNING * * *
The four-headed hydra bites you.
You die...

##..†...## #.P# .........#
##.## ........## #..#
#.##....# ##.# #####...#
#.### # #...# #.#P##.###
#...####### #.........
###....P#.#.####.........
###.#..........D@..........
..............########.##..
..............# ## .
..............#
.#######......# #......P#
#....>.## #......#
#.........


You could see a four-headed hydra.

Vanquished Creatures
  Harold (D:9)
  A two-headed ogre (D:9)
  An orc knight (Bailey)
  An elephant (D:9)
  The ghost of nickcage the Spear-Bearer, a novice MiAK of Lugonu (D:5)
  A komodo dragon (Lair:1)
  3 blink frogs (Lair:1)
  The ghost of siradein the Shield-Bearer, an amateur TrFi (D:3)
  A shadow (D:9)
  2 wyverns
  3 yaks (Lair:1)
  3 basilisks
  A steam dragon (D:6)
  An acid dragon (D:9)
  2 water moccasins
  A black bear (D:6)
  An ice beast (D:7)
  4 ogres
  3 phantoms
  2 centaurs
  3 kobold brigands
  A bullfrog (D:9)
  4 scorpions
  2 necrophages
  14 wights
  12 killer bees
  3 howler monkeys (D:9)
  2 centaur zombies (D:3)
  3 orc priests
  A bullfrog skeleton (D:3)
  2 hounds
  2 iguanas (D:6)
  3 jellies
  5 orc wizards
  11 gnolls (Bailey)
  9 adders
  A shadow imp (D:6)
  2 white imps
  An ufetubus (D:5)
  A worm (D:2)
  2 dart slugs
  42 orcs
  5 ball pythons
  5 endoplasms
  2 giant cockroaches
  10 goblins
  6 hobgoblins
  A jackal (D:5)
  29 kobolds
  8 quokkas
  4 bats
  5 frilled lizards
  6 rats
241 creatures vanquished.

Vanquished Creatures (others)
  An orc (D:9)
  2 kobolds (D:5)
  3 plants
6 creatures vanquished.

Grand Total: 247 creatures vanquished

Notes
Turn   | Place    | Note
-------+----------+-------------------------------------------
     0 | D:1      | purpskrrrp the Troll Earth Elementalist began the quest for
                  | the Orb.
     0 | D:1      | Reached XP level 1. HP: 16/16 MP: 1/1
   205 | D:1      | Reached XP level 2. HP: 24/24 MP: 2/2
   250 | D:1      | Reached skill level 1 in Unarmed Combat
   262 | D:1      | Found a faded altar of an unknown god.
   459 | D:1      | Reached skill level 1 in Transmutations
   781 | D:1      | Prayed at the altar of an unknown god.
   781 | D:1      | Became a worshipper of Uskayaw the Reveller
   781 | D:1      | Reached * piety under Uskayaw
   892 | D:2      | Reached ** piety under Uskayaw
   969 | D:2      | Reached XP level 3. HP: 31/32 MP: 3/3
  1235 | D:2      | Identified the ring "Zopo" {EV+4 Str+4}
  1485 | D:3      | Found a runed translucent gate.
  1485 | D:3      | Found a runed translucent gate.
  1485 | D:3      | Found a runed translucent gate.
  1485 | D:3      | Noticed siradein's ghost (amateur TrFi)
  1627 | D:3      | Reached skill level 2 in Unarmed Combat
  1627 | D:3      | Reached XP level 4. HP: 40/40 MP: 4/4
  1698 | D:3      | Reached skill level 1 in Fighting
  1710 | D:3      | Reached *** piety under Uskayaw
  1720 | D:3      | Reached **** piety under Uskayaw
  2096 | D:3      | Found Allos's Antique Armour Shoppe.
  2313 | D:3      | Killed siradein's ghost
  2314 | D:3      | Reached skill level 3 in Unarmed Combat
  2314 | D:3      | Reached XP level 5. HP: 38/48 MP: 5/5
  2314 | D:3      | Reached XP level 6. HP: 44/55 MP: 6/6
  2323 | D:3      | Reached ***** piety under Uskayaw
  2689 | D:4      | You fall into a shaft and drop 3 floors!
  2712 | D:7      | Got Sif Muna's Incunabulum of Vexing Metal
  2729 | D:5      | Entered Level 5 of the Dungeon
  2777 | D:4      | Found a snail-covered altar of Cheibriados.
  2822 | D:4      | Found a staircase to the Ecumenical Temple.
  3007 | D:4      | Found a bloodstained altar of Trog.
  3253 | D:5      | Reached skill level 4 in Unarmed Combat
  3295 | D:5      | Reached XP level 7. HP: 44/65 MP: 7/7
  3445 | D:5      | Reached skill level 5 in Unarmed Combat
  3456 | D:5      | Reached XP level 8. HP: 36/74 MP: 3/8
  3516 | D:5      | Identified the +0 robe "Nucwaono" {rF+}
  3863 | D:5      | Found a runed translucent gate.
  3866 | D:5      | Found a runed translucent gate.
  3866 | D:5      | Found a runed translucent gate.
  3875 | D:5      | Noticed nickcage's ghost (novice MiAK)
  3975 | D:5      | Found a sacrificial altar of Ru.
  4393 | D:5      | Killed nickcage's ghost
  4394 | D:5      | Reached skill level 6 in Unarmed Combat
  4597 | D:3      | Bought a distressingly furry robe for 176 gold pieces
  4597 | D:3      | Identified the +0 robe "Efasyf" {rC+ rCorr Str+6 Int-2}
                  | (You bought it in a shop on level 3 of the Dungeon)
  4751 | D:6      | Reached skill level 5 in Earth Magic
  4776 | D:6      | Reached XP level 9. HP: 11/84 MP: 9/9
  5039 | D:6      | Found a shimmering altar of Xom.
  5117 | D:6      | Reached skill level 7 in Unarmed Combat
  5187 | D:6      | Reached skill level 1 in Invocations
  5990 | D:7      | Reached skill level 8 in Unarmed Combat
  6524 | D:8      | Found a broken altar of Ashenzari.
  6530 | D:8      | Reached skill level 5 in Dodging
  6575 | D:8      | Reached XP level 10. HP: 94/94 MP: 12/12
  6646 | D:8      | Identified the +3 leather armour of the Valley of Death
                  | {SInv}
  6691 | D:8      | Found a flagged portal.
  6703 | Bailey   | Entered a bailey
  6931 | Bailey   | Noticed an orc knight
  6946 | Bailey   | Killed an orc knight
  7141 | D:8      | Identified the +12 quarterstaff "Goblinbane" {holy, Str+4}
  7381 | D:8      | Identified the +1 leather armour "Moczoume" {SInv}
  7399 | D:8      | Found Isott's Magic Scroll Shop.
  7447 | D:8      | Found a runed translucent gate.
  7449 | D:8      | Found a runed translucent gate.
  7449 | D:8      | Found a runed translucent gate.
  7449 | D:8      | Found an opulent altar of Gozag.
  7449 | D:8      | Noticed a deep elf pyromancer
  7452 | D:8      | Noticed a cyclops
  7453 | D:8      | Noticed avis's ghost (novice FeSu)
  7746 | D:9      | Noticed a two-headed ogre
  7764 | D:9      | Killed a two-headed ogre
  7765 | D:9      | Reached skill level 1 in Staves
  8164 | D:9      | Found a staircase to the Lair.
  8171 | D:9      | Noticed an elephant
  8194 | D:9      | Killed an elephant
  8195 | D:9      | Reached skill level 5 in Fighting
  8195 | D:9      | Reached skill level 9 in Unarmed Combat
  8598 | D:9      | Noticed Harold
  8607 | D:9      | Killed Harold
  8888 | D:9      | Identified the +3 arbalest of Distraction {venom, rPois rF+
                  | Stlth-}
  9236 | D:3      | Bought a faintly humming robe for 176 gold pieces
  9236 | D:3      | Identified the +1 robe of the Orb Guardian {rCorr} (You
                  | bought it in a shop on level 3 of the Dungeon)
  9390 | Lair:1   | Entered Level 1 of the Lair of Beasts
  9433 | Lair:1   | Reached XP level 11. HP: 45/104 MP: 5/14
  9726 | Lair:1   | Noticed a four-headed hydra
  9754 | Lair:1   | HP: 2/104 [four-headed hydra (6)]
  9754 | Lair:1   | Slain by a four-headed hydra

Illustrated notes

Levels and vault maps discovered:
D:1:      saegor_arrival_simple_d, layout_loops_ring,
          nicolae_ecumenical_snake_handling
D:2:      layout_rooms, minmay_misc_feat_x
D:3:      layout_loops_corners, gammafunk_ghost_necromancy, serial_shops,
          nicolae_diamond_shop, kennysheep_generic_room_12
D:4:      layout_basic, kennysheep_slug_shrine, trog_hazing_becter,
          minmay_temple_entry_arrows
D:5:      layout_loops_cross, nicolae_ru_great_annihilating_truth,
          gammafunk_ghost_nasty_kobolds, minmay_fractal_squares_5
D:6:      layout_basic, lemuel_coloured_pillars_altar, grunt_ministairs_10
D:7:      layout_cave_pools
D:8:      minmay_weird_star, layout_cave_pods, evilmike_ruin_ashenzari,
          serial_park, serial_park_tiny_1, enter_bailey_3, serial_shops,
          nicolae_stop_n_shop_2, ebering_ghost_gozag
D:9:      layout_stronghold, david_lair_generic, kennysheep_nub, uniq_harold
Lair:1:   layout_chaotic_city

Skill      XL: |  1  2  3  4  5  6  7  8  9 10 11 |
---------------+----------------------------------+-----
Unarmed Combat | 1 2 3 4 5 6 8 9 |  9.3
Transmutations | 1 2 3 |  3.6
Earth Magic    | 3 4 5 6 |  6.8
Dodging        | 2 3 4 5 |  5.8
Fighting       | 1 2 3 4 5 |  5.4
Invocations    | 2 3 4 |  4.1
Spellcasting   | 2 3 |  3.1
Staves         | 2 |  2.5
Stealth        | |  1.0

Action                   |  1- 3 |  4- 6 |  7- 9 | 10-12 || total
-------------------------+-------+-------+-------+-------++-------
Melee: Unarmed           |   152 |   151 |   295 |    72 ||   670
       Punch             |     2 |     4 |     9 |     3 ||    18
       Quarterstaff      |       |       |       |   127 ||   127
 Cast: Sandblast         |       |     2 |     5 |     2 ||     9
Invok: Stomp             |       |       |     7 |       ||     7
  Use: Scroll            |       |     5 |    12 |     8 ||    25
       Potion            |       |       |     5 |     9 ||    14
 Stab: Sleeping          |     3 |       |       |     7 ||    10
       Paralysed         |       |     1 |    11 |    11 ||    23
Armor: Robe              |    53 |    50 |    40 |    28 ||   171
Dodge: Dodged            |    87 |   118 |   168 |   202 ||   575

Table legend: (Time is in decaauts)
 A = Elapsed time spent in this place.
 B = Non-inter-level travel time spent in this place.
 C = Inter-level travel time spent in this place.
 D = Time resting spent in this place.
 E = Time spent auto-exploring this place.
 F = Levels seen in this place.
 G = Mean time per level.
                   A        B        C        D        E       F      G
               +--------+--------+--------+--------+--------+-----+--------+
         Total |   9733 |   8469 |   1264 |    747 |   5814 |  11 |  884.8 |
       Dungeon |   8933 |   7670 |   1263 |    576 |   5458 |   9 |  992.6 |
          Lair |    373 |    373 |      0 |    130 |    117 |   1 |  373.0 |
        Bailey |    426 |    426 |      0 |     41 |    239 |   1 |  426.0 |
               +--------+--------+--------+--------+--------+-----+--------+

Top non-repeatable levels by time:
     D:5: 1413 daAuts
     D:9: 1242 daAuts
     D:8: 1182 daAuts
     D:6: 1135 daAuts
     D:3: 1029 daAuts
     D:4: 916 daAuts
     D:1: 802 daAuts
     D:7: 625 daAuts
     D:2: 585 daAuts
  Bailey: 426 daAuts
  Lair:1: 373 daAuts
